 Dungeon Crawl Stone Soup version 0.22-a0-284-g99d1f74 (webtiles) character file.

59329 Ijustatesigmund the Timeless (level 14, -4/99 HPs)
             Began as an Octopode Fighter on Mar 19, 2018.
             Was a High Priest of Cheibriados.
             Slain by an entropy weaver (12 damage)
             ... on level 6 of the Lair of Beasts on Mar 21, 2018.
             The game lasted 01:35:38 (25354 turns).

Ijustatesigmund the Timeless (Octopode Fighter)    Turns: 25354, Time: 01:35:39

Health: -4/99      AC:  1    Str: 27    XL:     14   Next: 94%
Magic:  14/24      EV: 20    Int: 28    God:    Cheibriados [*****.]
Gold:   2272       SH: 15    Dex: 24    Spells: 5/13 levels left

rFire    + . .     SeeInvis +   a - +2 war axe
rCold    . . .     Gourm    .   q - +2 shield
rNeg     . . .     Faith    .   x - +2 hat
rPois    .         Spirit   .   (no amulet)
rElec    +         Reflect  .   y - ring of protection from fire
rCorr    +         Harm     .   B - ring of stealth
MR       +....                  G - ring "Amyoj Uczate" {Slay+1 Stlth+}
Stlth    +++++++...             L - ring "Acov Dae" {rElec Str-3 Int+2 SInv}
HPRegen  0.26/turn              J - ring of resist corrosion
MPRegen  0.19/turn              (no ring)
                                (no ring)
                                (no ring)

@: lethally poisoned (-4 -> -5), corroded, very slightly contaminated, very slow
A: almost no armour, stealthy swim, amphibious, 8 rings, constrict 8, antennae
1, icy blue scales 1, camouflage 1, electricity resistance, strong 1, gelatinous
body 1
a: Bend Time, Temporal Distortion, Slouch, Step From Time, Renounce Religion


You were on level 6 of the Lair of Beasts.
You worshipped Cheibriados.
Cheibriados was extremely pleased with you.
You were not hungry.

You visited 3 branches of the dungeon, and saw 21 of its levels.

You collected 2272 gold pieces.

Inventory:

Hand Weapons
 a - a +2 war axe (weapon)
 l - a +0 hunting sling
 z - a +1 flail of protection
 A - a +0 broad axe
Missiles
 g - 14 sling bullets
 h - 18 tomahawks
 r - 416 stones
 F - a javelin (quivered)
Armour
 q - a +2 shield (worn)
 x - a +2 hat (worn)
Jewellery
 y - a ring of protection from fire (left tentacle)
 B - a ring of stealth (right tentacle)
 E - an uncursed ring of ice
 G - the ring "Amyoj Uczate" (on tentacle) {Slay+1 Stlth+}
   (You acquired it on level 4 of the Lair of Beasts)

   [ring of slaying]

   It affects your accuracy and damage with ranged weapons and melee attacks
   (+1).
   It makes you more stealthy.
 H - the ring of Icaryze {Int-2 Dex+2}
   (You found it on level 4 of the Lair of Beasts)

   [ring of intelligence]

   It affects your intelligence (-2).
   It affects your dexterity (+2).
 J - a ring of resist corrosion (on tentacle)
 L - the ring "Acov Dae" (on tentacle) {rElec Str-3 Int+2 SInv}
   (You acquired it on level 4 of the Lair of Beasts)

   [ring of see invisible]

   It affects your strength (-3).
   It affects your intelligence (+2).
   It insulates you from electricity.
   It lets you see invisible.
Wands
 n - a wand of digging (17)
 w - a wand of flame (10)
 D - a wand of enslavement (9)
 N - a wand of polymorph (4)
 Q - a wand of paralysis (12)
Scrolls
 e - 2 scrolls of teleportation
 k - 7 scrolls of remove curse
 m - a scroll of magic mapping
 s - 2 scrolls of immolation
 C - a scroll of amnesia
 K - a scroll of fear
 P - a scroll of identify
Potions
 c - 3 potions of might
 f - a potion of magic
 i - 4 potions of lignification
 j - 5 potions of flight
 o - 2 potions of resistance
 p - a potion of agility
 t - 5 potions of curing
 u - a potion of ambrosia
 v - 2 potions of mutation
 I - 2 potions of brilliance
 O - a potion of heal wounds
Miscellaneous
 b - a sack of spiders
 M - a phial of floods
Comestibles
 d - 19 rations


   Skills:
 - Level 10.0 Fighting
 + Level 12.6 Axes
 - Level 6.4 Slings
 - Level 8.3 Dodging
 - Level 5.8 Stealth
 - Level 8.3 Shields
 - Level 4.0 Charms
 - Level 4.1 Necromancy
 - Level 6.1 Translocations
 + Level 14.3 Invocations


You had 5 spell levels left.
You knew the following spells:

 Your Spells              Type           Power        Failure   Level  Hunger
a - Magic Dart            Conj           #...         26%         1    ##.....
b - Blink                 Tloc           N/A          3%          2    ###....
c - Shroud of Golubria    Chrm/Tloc      ####......   4%          2    ###....
d - Regeneration          Chrm/Necr      ###.......   16%         3    ####...


Dungeon Overview and Level Annotations

Branches:
Dungeon (13/15)            Temple (0/1) D:6            Lair (6/6) D:9
 Shoals (0/4) Lair:3        Snake (0/4) Lair:3        Slime (0/5) Lair:5
    Orc (2/2) D:10            Elf (0/3) Orc:2
 Vaults: D:13-14

Altars:
Cheibriados
Dithmenos
Elyvilon
Gozag
Hepliaklqana
Uskayaw
Xom
Beogh
Jiyva

Shops:
D:5 }   D:7 [   Orc:2 :([


Innate Abilities, Weirdness & Mutations

You cannot wear most types of armour.
You are very stealthy in the water. (Stealth+)
You are amphibious.
You can wear up to eight rings at the same time.
You can use your tentacles to constrict eight enemies at once.
Your skin changes colour to match your surroundings (Stealth+).
Your rubbery body absorbs attacks. (AC +1, EV +1)
You have a pair of small antennae on your head.
You are partially covered in icy blue scales. (AC +2)
You are resistant to electric shocks. (rElec)
Your muscles are strong. (Str +2)


Message History

Waves of light ripple over your body.
A wolf comes into view.
The entropy weaver mumbles some strange words.
The entropic weave corrodes you! The entropy weaver misses you.
You block the entropy weaver's attack. The entropy weaver hits you! x2
The entropy weaver hits you. The entropy weaver hits you!
* * * LOW HITPOINT WARNING * * *
The wolf howls!
The entropy weaver hits you but does no damage.
You block the entropy weaver's attack.
You see here a wolf corpse.
You can feel time thicken for a moment.
You kill the wolf!
Cheibriados thoroughly appreciates the change of pace.
You feel somewhat more hungry.
Cheibriados lowers the support of your attributes as your movement quickens.
You block the entropy weaver's attack. The entropy weaver hits you!
* * * LOW HITPOINT WARNING * * *
The entropy weaver hits you!
You die...

##....#P....
...####.......P..#
...........##..#..#
............#.#..P.
...................
...................
.........†.........
...................
#..P.P#.@a...##P..#
##...##.#...##P.....(....
.## ###†...#.PP.P..Y..#
#...............Y.
##....#P....)††.a
#P....#####P.(.#
#....##### ...#
##...#P#.###†a#
###..†††.....†.#


You could see an entropy weaver.

Vanquished Creatures
  Rupert (Orc:2)
  An entropy weaver (Lair:6)
  The ghost of Fingolfin the Fighter, a journeyman FoFi of Elyvilon (D:10)
  Josephine (Lair:4)
  Fannar (Lair:3)
  5 hydras
  6 two-headed ogres
  An orc high priest (Orc:1)
  Urug (Orc:1)
  Sonja (Orc:2)
  2 orc sorcerers (Orc:1)
  2 orc knights
  2 deep elf magi (D:12)
  A centaur zombie (D:12)
  A manticore (D:12)
  A cyclops (Orc:1)
  5 elephants
  Joseph (D:8)
  5 black mambas
  A torpor snail (Lair:4)
  A gargoyle (D:12)
  2 kobold demonologists (D:11)
  9 spiny frogs
  A rime drake (Lair:4)
  4 komodo dragons
  5 trolls
  A queen bee (D:9)
  2 polar bears
  2 hornets (Lair:6)
  16 blink frogs
  4 dream sheep (Lair:6)
  9 hippogriffs
  5 slime creatures
  3 spriggans
  7 wraiths
  42 yaks
  A steam dragon (Lair:2)
  2 hungry ghosts
  4 wargs
  An acid dragon (D:12)
  4 nagas (Lair:3)
  18 soldier ants
  Edmund (D:6)
  11 water moccasins
  11 porcupines
  3 ice beasts
  29 orc warriors
  A phantom (D:13)
  3 sky beasts
  10 wolves
  3 black bears
  3 centaurs
  A necrophage (D:9)
  9 ogres
  14 crocodiles
  A big kobold (D:7)
  19 bullfrogs
  A gnoll sergeant (D:10)
  4 scorpions
  A water moccasin skeleton (D:10)
  A wyvern skeleton (D:9)
  17 killer bees
  An electric eel (Lair:1)
  A howler monkey (D:5)
  4 crimson imps
  3 quasits
  2 bullfrog zombies
  9 jellies
  7 hounds
  24 orc wizards
  14 orc priests
  2 bullfrog skeletons
  2 centaur skeletons
  An iron imp (D:4)
  5 iguanas
  15 worker ants
  A killer bee zombie (D:5)
  A hound zombie (D:9)
  3 worker ant zombies
  4 gnolls
  A howler monkey skeleton (D:6)
  13 adders
  2 shadow imps
  4 oozes
  An adder zombie (D:5)
  2 worms
  2 dart slugs (D:2)
  4 leopard geckos
  71 orcs
  5 bats
  5 giant cockroaches
  9 hobgoblins
  5 jackals
  3 quokkas
  3 frilled lizards (D:1)
  5 goblins
  19 kobolds
  2 leopard gecko skeletons (D:5)
  2 quokka skeletons
  A quokka zombie (D:8)
  A rat (D:3)
  A fungus (D:5)
586 creatures vanquished.

Vanquished Creatures (collateral kills)
  A scorpion (D:9)
  A killer bee (D:9)
  An orc priest (Orc:1)
  An orc wizard (Orc:1)
4 creatures vanquished.

Vanquished Creatures (others)
  A troll (Orc:1)
  A naga (Lair:3)
  12 fungi
  3 plants
17 creatures vanquished.

Grand Total: 607 creatures vanquished

Notes
Turn   | Place    | Note
-------+----------+-------------------------------------------
     0 | D:1      | Ijustatesigmund the Octopode Fighter began the quest for the Orb.
     0 | D:1      | Reached XP level 1. HP: 16/16 MP: 1/1
   351 | D:1      | Reached XP level 2. HP: 21/21 MP: 2/2
  1064 | D:2      | Reached XP level 3. HP: 18/26 MP: 3/3
  1442 | D:2      | Found a snail-covered altar of Cheibriados.
  1453 | D:2      | Became a worshipper of Cheibriados the Contemplative
  1660 | D:3      | Reached XP level 4. HP: 21/31 MP: 4/4
  1942 | D:3      | Learned a level 1 spell: Magic Dart
  1945 | D:3      | Learned a level 2 spell: Call Imp
  2031 | D:3      | Found a shadowy altar of Dithmenos.
  2506 | D:4      | Reached skill level 1 in Invocations
  2506 | D:4      | Reached XP level 5. HP: 25/37 MP: 5/5
  2637 | D:4      | Noticed an ogre
  2644 | D:4      | Killed an ogre
  2754 | D:4      | Found a snail-covered altar of Cheibriados.
  2757 | D:4      | Reached XP level 6. HP: 30/43 MP: 7/7
  2804 | D:4      | Found a hazy altar of Hepliaklqana.
  2807 | D:4      | Found a shimmering altar of Xom.
  2810 | D:4      | Found a hide-covered altar of Uskayaw.
  2854 | D:4      | Gained mutation: You are partially covered in icy blue scales. (AC +2) [potion of mutation]
  2854 | D:4      | Gained mutation: Your muscles are strong. (Str +2) [potion of mutation]
  2854 | D:4      | Gained mutation: You have a pair of small antennae on your head. [potion of mutation]
  2854 | D:4      | Gained mutation: You are resistant to electric shocks. (rElec) [potion of mutation]
  3003 | D:5      | Entered Level 5 of the Dungeon
  3018 | D:5      | Reached skill level 2 in Invocations
  3141 | D:5      | Reached skill level 1 in Slings
  3307 | D:5      | Found Woocouq's Gadget Shoppe.
  3511 | D:5      | Reached * piety under Cheibriados
  3655 | D:5      | Noticed an ice beast
  3695 | D:5      | Killed an ice beast
  3695 | D:5      | Reached XP level 7. HP: 49/49 MP: 8/8
  4150 | D:6      | Noticed Edmund
  4162 | D:6      | Killed Edmund
  4162 | D:6      | Reached skill level 5 in Axes
  4175 | D:6      | Reached skill level 3 in Invocations
  4300 | D:6      | Found a staircase to the Ecumenical Temple.
  4498 | D:6      | Reached ** piety under Cheibriados
  4498 | D:6      | Reached skill level 5 in Fighting
  4501 | D:6      | Reached XP level 8. HP: 48/55 MP: 10/10
  5276 | D:7      | Found Feqepaps's Armour Emporium.
  5304 | D:7      | Reached skill level 4 in Invocations
  5504 | D:7      | Reached *** piety under Cheibriados
  5527 | D:7      | Learned a level 2 spell: Blink
  5751 | D:7      | Reached XP level 9. HP: 57/62 MP: 12/12
  6077 | D:8      | Reached skill level 1 in Translocations
  6077 | D:8      | Reached skill level 5 in Invocations
  6087 | D:8      | Noticed a two-headed ogre
  6147 | D:8      | Killed a two-headed ogre
  6419 | D:8      | Noticed Joseph
  6445 | D:8      | Killed Joseph
  6445 | D:8      | Reached skill level 5 in Slings
  6509 | D:8      | Found a white marble altar of Elyvilon.
  6540 | D:8      | Reached skill level 6 in Invocations
  6955 | D:8      | Reached XP level 10. HP: 56/69 MP: 14/14
  6983 | D:8      | Reached **** piety under Cheibriados
  7499 | D:9      | Got a transparent shield
  7505 | D:9      | Identified the +1 shield of Experimentation {Str+3} (You found it on level 9 of the Dungeon)
  7550 | D:9      | Found a staircase to the Lair.
  7876 | D:9      | Reached skill level 7 in Invocations
  7884 | D:9      | Reached skill level 5 in Dodging
  7886 | D:9      | Reached skill level 5 in Shields
  8275 | D:9      | Reached skill level 5 in Translocations
  8609 | D:9      | Noticed a two-headed ogre
  8617 | D:9      | Killed a two-headed ogre
  8756 | D:9      | Reached skill level 8 in Invocations
  8785 | D:9      | Reached XP level 11. HP: 51/74 MP: 17/17
  9085 | D:10     | Entered Level 10 of the Dungeon
  9093 | D:10     | Noticed Fingolfin's ghost (journeyman FoFi)
  9128 | Lair:1   | Entered Level 1 of the Lair of Beasts
  9128 | Lair:1   | Noticed a four-headed hydra
  9473 | D:10     | Reached ***** piety under Cheibriados
  9669 | D:10     | Found a viscous altar of Jiyva.
 10054 | D:10     | Upgraded the game from 0.22-a0-283-g1871b15 to 0.22-a0-284-g99d1f74
 10057 | D:10     | Learned a level 2 spell: Shroud of Golubria
 10110 | D:10     | Killed Fingolfin's ghost
 10110 | D:10     | Reached skill level 1 in Charms
 10187 | D:10     | Noticed a two-headed ogre
 10202 | D:10     | Killed a two-headed ogre
 10369 | D:10     | Reached skill level 9 in Invocations
 10877 | D:10     | Found a staircase to the Orcish Mines.
 10984 | D:11     | Noticed a sun demon
 11030 | D:11     | Noticed a two-headed ogre
 11328 | D:11     | Killed a two-headed ogre
 11599 | D:11     | Noticed a two-headed ogre
 11611 | D:11     | Killed a two-headed ogre
 11755 | D:11     | Noticed a two-headed ogre
 11767 | D:11     | Killed a two-headed ogre
 11864 | D:11     | Found an opulent altar of Gozag.
 12068 | D:11     | Reached XP level 12. HP: 78/82 MP: 19/19
 12205 | D:12     | Reached skill level 1 in Stealth
 12277 | D:12     | Reached skill level 5 in Stealth
 12515 | D:13     | Noticed a six-headed hydra
 12540 | D:13     | Noticed a two-headed ogre
 12913 | D:12     | Noticed a four-headed hydra
 12958 | D:12     | Killed a five-headed hydra
 12972 | D:12     | Reached skill level 10 in Invocations
 14440 | Lair:2   | Reached ****** piety under Cheibriados
 14581 | Lair:2   | Reached skill level 10 in Axes
 15123 | Lair:3   | Noticed Fannar
 15131 | Lair:3   | Killed Fannar
 15131 | Lair:3   | Reached skill level 11 in Invocations
 15174 | Lair:3   | Reached XP level 13. HP: 66/90 MP: 21/21
 15324 | Lair:3   | Found a staircase to the Shoals.
 16478 | D:13     | Reached skill level 10 in Fighting
 16901 | Orc:1    | Entered Level 1 of the Orcish Mines
 18024 | Orc:1    | Noticed Urug
 18045 | Orc:1    | Killed Urug
 18195 | Orc:2    | Entered Level 2 of the Orcish Mines
 18637 | Orc:2    | Reached skill level 12 in Invocations
 18713 | Orc:2    | Learned a level 3 spell: Regeneration
 18961 | Orc:2    | Found a roughly hewn altar of Beogh.
 18983 | Orc:2    | Noticed Sonja
 19004 | Orc:2    | Killed Sonja
 19004 | Orc:2    | Reached skill level 1 in Necromancy
 19021 | Orc:2    | Found a roughly hewn altar of Beogh.
 19078 | Orc:2    | Found a roughly hewn altar of Beogh.
 19080 | Orc:2    | Noticed Rupert
 19110 | Orc:2    | Paralysed by Rupert for 3 turns
 19119 | Orc:2    | Killed Rupert
 19222 | Orc:2    | Found Ocubrub's Weapon Shop.
 19356 | Orc:2    | Found a staircase to the Elven Halls.
 19432 | Orc:2    | Found a roughly hewn altar of Beogh.
 19549 | Orc:2    | Found a roughly hewn altar of Beogh.
 19550 | Orc:2    | Found Veucauf's Book Shoppe.
 19883 | Orc:2    | Noticed an orc warlord
 20221 | Orc:2    | Found Baroohai's Antique Weapon Boutique.
 20223 | Orc:2    | Found a roughly hewn altar of Beogh.
 20228 | Orc:2    | Found Ycetiset's Antique Armour Shop.
 21126 | Lair:3   | Reached XP level 14. HP: 95/99 MP: 23/23
 21339 | Lair:3   | Found a staircase to the Snake Pit.
 22121 | Lair:4   | Identified a scroll of acquirement
 22124 | Lair:4   | Got a smoking golden ring
 22125 | Lair:4   | Identified the ring "Amyoj Uczate" {Slay+1 Stlth+} (You acquired it on level 4 of the Lair of Beasts)
 22316 | Lair:4   | Found a runed door.
 22389 | Lair:4   | Reached skill level 13 in Invocations
 22393 | Lair:4   | Got a smoking lead ring
 22475 | Lair:4   | Identified the cursed ring of Icaryze {Int-2 Dex+2} (You found it on level 4 of the Lair of Beasts)
 22815 | Lair:4   | Got a bound golden ring
 22816 | Lair:4   | Identified the ring "Acov Dae" {rElec Str-3 Int+2 SInv} (You acquired it on level 4 of the Lair of Beasts)
 22976 | Lair:5   | Noticed Josephine
 22988 | Lair:4   | Killed Josephine
 23939 | Lair:5   | Found a staircase to the Slime Pits.
 24570 | Lair:6   | Entered Level 6 of the Lair of Beasts
 25230 | Lair:6   | Reached skill level 14 in Invocations
 25287 | Lair:6   | Noticed an entropy weaver
 25292 | Lair:6   | Killed an entropy weaver
 25344 | Lair:6   | Noticed an entropy weaver
 25354 | Lair:6   | Slain by an entropy weaver

Vault maps used:
D:1:      tarquinn_simple_flora_water_f
D:2:      kennysheep_slug_shrine
D:3:      grunt_dithmenos_smoke_and_mirrors, first_ration
D:4:      grunt_temple_overflow_diamond, chei_slow_surprise
D:5:      serial_shops, nicolae_shop_trees, chequers_big_river,
          minmay_gold_behind_fungi
D:6:      minmay_temple_entry_statues, uniq_edmund
D:7:      serial_shops, nicolae_shop_waterfront
D:8:      elyvilon_altar_5, uniq_joseph
D:9:      dpeg_oklobed_lair
D:10:     orc_0_dummy, david_nohive_1, jiyva_altar_1
D:11:     nicolae_gozag_cash_rules_everything_around_me
D:13:     grunt_vaults_entry_tiered, spider_trap
Lair:1:   enter_volcano_2, infiniplex_staircase_pool, lemuel_fruit_tree
Lair:3:   shoals_dummy_entry, minmay_snake_entry_guardpost_medium,
          grunt_megastairs_4, uniq_fannar
Lair:4:   minivault_23, pf_torpor_hydra
Lair:5:   nicolae_slime_entry_slimehenge, uniq_josephine
Lair:6:   minmay_lair_end_enchanted_forest, minivault_29
Orc:1:    uniq_urug
Orc:2:    grunt_orc_community_town_hall, grunt_orc_community_big_house_1,
          grunt_orc_community_big_house_2, grunt_orc_community_house_2,
          grunt_orc_community_house_1, grunt_orc_community_house_3,
          grunt_orc_community_house_1, grunt_orc_community_house_1,
          grunt_orc_community_house_1, uniq_rupert, uniq_sonja

Skill      XL: |  1  2  3  4  5  6  7  8  9 10 11 12 13 14 |
---------------+-------------------------------------------+-----
Axes           | 3 4 5 7 9 10 12 | 12.6
Invocations    | 1 2 3 4 6 8 9 11 12 14 | 14.3
Fighting       | 4 5 6 8 9 10 | 10.0
Slings         | 1 2 4 5 6 |  6.4
Translocations | 3 5 6 |  6.1
Dodging        | 4 6 8 |  8.3
Shields        | 4 6 8 |  8.3
Charms         | 4 |  4.0
Stealth        | 5 |  5.8
Necromancy     | 3 4 |  4.1

Action                   |  1- 3 |  4- 6 |  7- 9 | 10-12 | 13-15 || total
-------------------------+-------+-------+-------+-------+-------++-------
Melee: War axe           |    47 |    32 |   172 |   401 |   545 ||  1197
       Constrict         |    19 |     7 |    36 |    50 |    96 ||   208
       Tentacles         |     5 |     8 |    55 |   172 |   243 ||   483
       Flail             |       |       |       |       |    13 ||    13
 Fire: Hunting sling     |       |    30 |    94 |   120 |   151 ||   395
Throw: Tomahawk          |     5 |     3 |       |    23 |    11 ||    42
       Javelin           |       |       |       |     7 |    16 ||    23
 Cast: Blink             |       |       |       |    15 |    13 ||    28
       Shroud of Golubri |       |       |       |    10 |     5 ||    15
       Regeneration      |       |       |       |       |     3 ||     3
Invok: Bend Time         |       |       |     3 |     8 |     3 ||    14
       Slouch            |       |       |       |     1 |    16 ||    17
Evoke: Wand              |       |       |       |    14 |    37 ||    51
       Sack of spiders   |       |       |       |     4 |       ||     4
  Use: Scroll            |     5 |    11 |     6 |    13 |    11 ||    46
       Potion            |     1 |     2 |     5 |    10 |     2 ||    20
 Stab: Sleeping          |     3 |     1 |     4 |    18 |    33 ||    59
       Distracted        |       |       |       |     1 |     4 ||     5
  Eat: Chunk             |     2 |     1 |     1 |     4 |     6 ||    14
       Ration            |       |     2 |     2 |     3 |     5 ||    12
Armor: Skin              |     1 |       |    31 |    28 |    38 ||    98
Dodge: Dodged            |    20 |    13 |    61 |   236 |   297 ||   627
Block: Shield            |    16 |    17 |    94 |   328 |   463 ||   918

Table legend:
 A = Spawn XP
 B = Non-spawn XP
 C = Spawn XP percentage of total XP
 D = Spawn monster count
 E = Non-spawn monster count
 F = Spawn count percentage of total count
 G = Total turns spent on level
                    A         B        C        D         E        F      G
               +---------+---------+-------+---------+---------+-------+---------
         Total |       0 |   84757 |   0.0 |       0 |     589 |   0.0 | 25354
               +---------+---------+-------+---------+---------+-------+---------
           D:1 |       0 |      29 |   0.0 |       0 |      18 |   0.0 |   997
           D:2 |       0 |      18 |   0.0 |       0 |       6 |   0.0 |   477
           D:3 |       0 |      69 |   0.0 |       0 |      14 |   0.0 |   959
           D:4 |       0 |     236 |   0.0 |       0 |       5 |   0.0 |   570
           D:5 |       0 |     323 |   0.0 |       0 |      12 |   0.0 |  1062
           D:6 |       0 |     867 |   0.0 |       0 |      25 |   0.0 |  1093
           D:7 |       0 |     838 |   0.0 |       0 |      30 |   0.0 |   895
           D:8 |       0 |    2544 |   0.0 |       0 |      25 |   0.0 |  1391
           D:9 |       0 |    5077 |   0.0 |       0 |      40 |   0.0 |  2406
          D:10 |       0 |    4478 |   0.0 |       0 |      38 |   0.0 |  1632
          D:11 |       0 |    4155 |   0.0 |       0 |      20 |   0.0 |  1310
          D:12 |       0 |    7244 |   0.0 |       0 |      35 |   0.0 |  1415
          D:13 |       0 |    1452 |   0.0 |       0 |       7 |   0.0 |   612
        Lair:1 |       0 |    3528 |   0.0 |       0 |      14 |   0.0 |   899
        Lair:2 |       0 |    4165 |   0.0 |       0 |      18 |   0.0 |  1179
        Lair:3 |       0 |    6829 |   0.0 |       0 |      23 |   0.0 |  1639
        Lair:4 |       0 |   10861 |   0.0 |       0 |      42 |   0.0 |  1646
        Lair:5 |       0 |    5680 |   0.0 |       0 |      33 |   0.0 |  1508
        Lair:6 |       0 |   11496 |   0.0 |       0 |      59 |   0.0 |   412
         Orc:1 |       0 |    5765 |   0.0 |       0 |      40 |   0.0 |  1318
         Orc:2 |       0 |    9103 |   0.0 |       0 |      85 |   0.0 |  1934
               +---------+---------+-------+---------+---------+-------+---------
